 Dungeon Crawl Stone Soup version 0.22.1-6-g1668fe2 (webtiles) character file.

711 Kagorn the Ruffian (level 7, -2/68 HPs)
             Began as a Troll Berserker on Jan 21, 2019.
             Was a Believer of Trog.
             Slain by a sky beast (6 damage)
             ... on level 5 of the Dungeon.
             The game lasted 00:33:45 (3134 turns).

Kagorn the Ruffian (Troll Berserker)                Turns: 3134, Time: 00:33:46

Health: -2/68      AC:  7    Str: 25 (27) XL:     7   Next: 40%
Magic:  15/15      EV: 11    Int:  1 (3)  God:    Trog [**....]
Gold:   252        SH:  0    Dex: 10      Spells: 6/6 levels left

rFire    . . .     SeeInvis .   n - +1 giant club
rCold    . . .     Gourm    +   (shield currently unavailable)
rNeg     . . .     Faith    .   t - +0 robe
rPois    .         Spirit   .   (helmet restricted)
rElec    .         Reflect  .   i - +1 cloak
rCorr    .         Harm     .   (gloves unavailable)
MR       .....                  (boots unavailable)
Stlth    ++........             (no amulet)
HPRegen  0.61/turn              p - ring of flight
MPRegen  0.14/turn              r - ring of magical power

@: no status effects
A: large, unfitting armour, claws 3, fast metabolism 3, gourmand, regeneration
1, shaggy fur 1, tough skin 2
a: Berserk, Trog's Hand, Renounce Religion, Evoke Flight


You were on level 5 of the Dungeon.
You worshipped Trog.
Trog was pleased with you.
You were full.

You visited 1 branch of the dungeon, and saw 5 of its levels.

You collected 252 gold pieces.

Inventory:

Hand Weapons
 n - a +1 giant club (weapon)
 q - a +2 whip of freezing
Missiles
 s - 6 large rocks (quivered)
Armour
 a - a +0 animal skin
 i - a +1 cloak (worn)
 t - a +0 robe (worn)
 v - a +0 robe
Jewellery
 p - a ring of flight (left claw)
 r - a ring of magical power (right claw)
Scrolls
 c - 6 scrolls of teleportation
 d - a scroll of fear {unknown}
 e - a scroll of immolation
 h - 5 scrolls of identify
 m - 2 scrolls of magic mapping
 o - a scroll of amnesia
Potions
 j - a potion of haste
 w - a potion of agility
Comestibles
 b - 4 rations


   Skills:
 + Level 3.7 Fighting
 * Level 1.1 Maces & Flails
 * Level 4.6 Dodging
 + Level 1.7 Stealth
 - Level 5.3 Unarmed Combat


You had 6 spell levels left.
You didn't know any spells.
Your spell library was empty.

Dungeon Overview and Level Annotations

Branches:
Dungeon (5/15)             Temple (0/1) D:4

Altars:
Dithmenos
Elyvilon
Hepliaklqana
Ru
Trog
Uskayaw
Vehumet
Yredelemnul


Innate Abilities, Weirdness & Mutations

You are too large for most types of armour.
You have claws for hands.
Your metabolism is lightning-fast.
You like to eat raw meat.
Your natural rate of healing is unusually fast.
You are covered in fur. (AC +1)
You have very tough skin. (AC +2)


Message History

The jackal is severely wounded.
The jackal barely misses you. Something hits you but does no damage.
The jackal bites you but does no damage.
The jackal closely misses you.
The jackal bites you but does no damage.
Something hits you but does no damage.
You bludgeon the jackal!!
You kill the jackal!
Trog accepts your kill.
The jackal bites you but does no damage.
A sky beast appears from thin air!
Reactivating autopickup.
The sky beast barely misses you. The jackal bites you.
* * * LOW HITPOINT WARNING * * *
You hit the jackal.
The jackal is heavily wounded.
The jackal closely misses you. The sky beast hits you.
* * * LOW HITPOINT WARNING * * *
The sky beast shocks you.
You die...

....... #......
#.....#
#.....#########.
#.....#.........
.....#.......[.
#..#.........
#..'h........
#.##†@.§.....
#.##..Y......
#.##...§..... #
#####.##..$......
..<..#.....##.........
#....#.######.........
#.......#############
####.......'.......#
...#.......#######.#


You could see a sky beast and a jackal.

Vanquished Creatures
  Pikel (D:4)
  An ogre (D:4)
  A centaur (D:5)
  A worker ant (D:4)
  A hound skeleton (D:4)
  A worker ant zombie (D:5)
  4 adders
  An adder skeleton (D:4)
  3 worms
  2 dart slugs
  4 leopard geckos
  4 orcs
  2 ball pythons
  A giant cockroach (D:3)
  8 goblins
  4 hobgoblins
  A jackal (D:5)
  4 kobolds
  A quokka (D:5)
  5 bats
  5 frilled lizards
  7 rats
  A fungus (D:4)
63 creatures vanquished.

Vanquished Creatures (others)
  An adder skeleton (D:4)
  3 orcs (D:4)
4 creatures vanquished.

Grand Total: 67 creatures vanquished

Notes
Turn   | Place    | Note
-------+----------+-------------------------------------------
     0 | D:1      | Kagorn the Troll Berserker began the quest for the Orb.
     0 | D:1      | Reached XP level 1. HP: 22/22 MP: 0/0
    86 | D:1      | Reached XP level 2. HP: 29/29 MP: 1/1
   489 | D:2      | Reached XP level 3. HP: 36/36 MP: 2/2
   529 | D:2      | Found a radiant altar of Vehumet.
   531 | D:2      | Found a bloodstained altar of Trog.
   683 | D:2      | Found a hazy altar of Hepliaklqana.
   786 | D:2      | Reached ** piety under Trog
   959 | D:2      | Reached XP level 4. HP: 44/44 MP: 3/3
  1069 | D:2      | Found a shadowy altar of Dithmenos.
  1453 | D:3      | Found a basalt altar of Yredelemnul.
  1455 | D:3      | Found a hide-covered altar of Uskayaw.
  1633 | D:3      | Found a white marble altar of Elyvilon.
  2040 | D:4      | Noticed Pikel
  2040 | D:4      | Noticed a slave
  2040 | D:4      | Noticed a slave
  2040 | D:4      | Noticed a slave
  2040 | D:4      | Noticed a slave
  2040 | D:4      | Noticed an ogre
  2046 | D:4      | Killed Pikel
  2046 | D:4      | Reached skill level 1 in Stealth
  2046 | D:4      | Reached skill level 5 in Unarmed Combat
  2046 | D:4      | Reached XP level 5. HP: 30/53 MP: 4/4
  2046 | D:4      | Reached XP level 6. HP: 35/61 MP: 5/5
  2130 | D:4      | Reached XP level 7. HP: 57/67 MP: 6/6
  2231 | D:4      | Found a staircase to the Ecumenical Temple.
  2690 | D:4      | Found a sacrificial altar of Ru.
  2873 | D:5      | Entered Level 5 of the Dungeon
  2915 | D:5      | Reached skill level 1 in Maces & Flails
  3130 | D:5      | HP: 3/68 [jackal (1)]
  3134 | D:5      | Slain by a sky beast

Skill      XL: |  1  2  3  4  5  6  7 |
---------------+----------------------+-----
Dodging        | 3 4 |  4.6
Fighting       | 3 |  3.7
Stealth        | 1 |  1.7
Unarmed Combat | 5 |  5.3
Maces & Flails | 1 |  1.1

Action                   |  1- 3 |  4- 6 |  7- 9 || total
-------------------------+-------+-------+-------++-------
Melee: Unarmed           |    87 |    44 |     1 ||   132
       Punch             |     1 |     1 |       ||     2
       Giant club        |       |       |    82 ||    82
Invok: Trog's Hand       |       |       |     2 ||     2
  Use: Potion            |       |     3 |       ||     3
       Scroll            |       |       |    10 ||    10
 Stab: Sleeping          |       |       |     1 ||     1
  Eat: Chunk             |    14 |     9 |     9 ||    32
Armor: Animal skin       |    35 |    25 |       ||    60
       Robe              |       |       |    57 ||    57
Dodge: Dodged            |    52 |    29 |    75 ||   156
